AoeStats
← arturoisasa1

Arena

507971683Analyzed
3v3 RM · 11d ago on Sep 20, 2026· 44m 28s· 6 players
Game mode
Random Map
Map size
Normal (6 player)
Population
200
Speed
Normal
Resources
Standard
Victory
Conquest
Starting age
Dark Age
Ending age
Imperial Age
RankedLock teamsTeams togetherTeam positionsShared explorationLock speedFull tech treeHidden civsTurbo modeCheats
Victory
Defeat
🇹🇼 Jurchens · Taiwan
961
+12
🇺🇦 Koreans · Ukraine
923
+14
🇩🇪 Huns · Germany
885
+15
🇵🇾 Celts · Paraguay
927
-16
🇵🇾 Aztecs · Paraguay
867
-13
🇵🇾 Cumans · Paraguay
839
-12
mr.white.irbis
10:00 Loom
12:28 Feudal Age
17:20 Castle Age
15:58 Double-Bit Axe
17:33 Horse Collar
23:50 Fletching
24:59 Bow Saw
28:09 Gambesons
30:12 Gold Mining
30:12 Stone Mining
32:06 Squires
31:52 Arson
33:58 Wheelbarrow
Atomic
11:07 Feudal Age
16:28 Castle Age
14:38 Double-Bit Axe
18:10 Wheelbarrow
19:58 Horse Collar
25:13 Wheelbarrow
24:24 Loom
28:33 Bow Saw
30:06 Marauders
31:17 Scale Barding Armor
32:55 Heavy Plow
38:39 Hand Cart
40:14 Stone Mining
40:15 Gold Mining
42:07 Chain Barding Armor
46:30 Imperial Age
一直嬉皮笑臉
3:33 Loom
10:44 Feudal Age
11:26 Double-Bit Axe
16:51 Castle Age
17:41 Wheelbarrow
19:17 Gold Mining
19:11 Horse Collar
19:48 Bow Saw
19:59 Stone Mining
20:03 Fletching
27:14 Hand Cart
30:48 Imperial Age
28:45 Forging
30:37 Gold Shaft Mining
32:16 Bodkin Arrow
33:01 Conscription
32:44 Fortified Bastions
32:51 Heavy Plow
33:54 Two-Man Saw
35:26 Hoardings
35:03 Bloodlines
34:13 Light Cavalry
35:59 Guilds
35:25 Light Cavalry
36:06 Husbandry
35:54 Hussar
37:43 Bracer
38:20 Iron Casting
37:47 Padded Archer Armor
40:22 Heavy Cavalry Archer
42:13 Crop Rotation
43:24 Blast Furnace
42:31 Scale Barding Armor
42:42 Leather Archer Armor
43:54 Ballistics
43:45 Fortified Wall
44:21 Elite Steppe Lancer
seu madruga
9:32 Feudal Age
10:08 Double-Bit Axe
17:09 Castle Age
15:21 Horse Collar
19:14 Squires
43:55 Imperial Age
42:48 Forging
42:40 Scale Mail Armor
arturoisasa1
14:09 Feudal Age
14:37 Double-Bit Axe
14:54 Horse Collar
21:19 Castle Age
19:32 Stone Mining
19:36 Gold Mining
19:58 Scale Barding Armor
19:44 Fletching
21:59 Padded Archer Armor
22:18 Bow Saw
22:21 Squires
24:32 Heavy Plow
24:56 Pikeman
25:22 Arson
31:06 Chain Barding Armor
30:42 Bodkin Arrow
31:02 Leather Archer Armor
31:35 Gold Shaft Mining
Microsoft PowerBI
10:12 Feudal Age
10:58 Double-Bit Axe
17:06 Castle Age
15:07 Horse Collar
19:45 Bow Saw
19:37 Heavy Plow
24:29 Forging
24:20 Scale Mail Armor
25:56 Wheelbarrow
26:36 Iron Casting
28:04 Chain Mail Armor
30:57 Gold Mining
33:56 Imperial Age
34:48 Fletching
34:59 Padded Archer Armor
34:41 Elite Skirmisher
35:44 Bodkin Arrow
36:53 Leather Archer Armor
43:22 Blast Furnace
42:52 Plate Mail Armor
Connection lost

Rejoining the realm…

Still unreachable

The connection could not be restored.

Session expired

The server has moved on; the page needs a fresh start.